AoeStats
← TheRemover

Arabia

510742138Analyzed
1v1 RM · 15h ago on Oct 2, 2026· 30m 42s· 2 players
Game mode
Random Map
Map size
Tiny (2 player)
Population
200
Speed
Normal
Resources
Standard
Victory
Conquest
Starting age
Dark Age
Ending age
Imperial Age
RankedLock teamsTeams togetherTeam positionsShared explorationLock speedFull tech treeHidden civsTurbo modeCheats
Victory
Defeat
🇨🇱 Bengalis · Chile
1070
+16
🇳🇿 Byzantines · New Zealand
1080
-16
TheRemover
7:03 Loom
9:55 Feudal Age
10:45 Double-Bit Axe
21:59 Castle Age
21:49 Gold Mining
23:00 Fletching
23:58 Wheelbarrow
22:57 Crossbowman
24:31 Bodkin Arrow
25:04 Bloodlines
26:01 Padded Archer Armor
26:26 Light Cavalry
27:34 Horse Collar
31:03 Husbandry
Emperor Cuntstantine
8:29 Loom
11:24 Feudal Age
11:41 Man-at-Arms
13:07 Double-Bit Axe
14:05 Arson
25:18 Castle Age
23:25 Fletching
23:36 Padded Archer Armor
26:57 Elite Skirmisher
27:46 Pikeman
Connection lost

Rejoining the realm…

Still unreachable

The connection could not be restored.

Session expired

The server has moved on; the page needs a fresh start.